Cogmind - Beta 16 @@@ ROGUE MODE // 2026.01.12 @ 05:49:16 Player: Lunishko Result: Destroyed by S-27 Virus with Autogun Performance ------------- Evolutions (6) 3000 Regions Visited (14) 2800 Robots Destroyed (99) 495 Value Destroyed (2759) 2759 Prototype IDs (13) 260 Alien Tech Used (2) 400 Bonus (354) 354 TOTAL SCORE: 10068 Bonus ------- High Alert Combat Kills 33 Follower Combat Kills 21 Met Zhirov 300 Cogmind --------- Core Integrity 0/1150 Matter 300/300 Energy 100/100 System Corruption 0% Temperature Cool (0) Movement Core (50) Location -4/Factory Parts ------- > --- POWER (3) -------- (None) > --- PROPULSION (7) --- (None) > --- UTILITY (7) ------ (None) > --- WEAPON (2) ------- (None) > --- INVENTORY (5) ---- Advanced Cooling System Peak State ------------ > --- POWER ------------ Light Quantum Reactor > --- PROPULSION ------- VTOL Module VTOL Module VTOL Module Cesium-ion Thruster Cooled VTOL Module Impulse Thruster > --- UTILITY ---------- Advanced Weight Redist. System Advanced Weight Redist. System Advanced Gravity Neutralizer Advanced Sensor Array Improved Signal Interpreter Advanced Transmission Jammer Hacking Suite > --- WEAPON ----------- Plasma Cannon Great Maul > --- INVENTORY -------- Field Propulsion Drive Advanced Cooling System Improved Grenade Launcher [Rating: 70] Favorites ----------- Power Deuterium Engine Engine Deuterium Engine Power Core Nuclear Core Reactor Light Quantum Reactor Propulsion Light Treads Treads Light Treads Leg Improved Titanium Leg Wheel Armored Huge Wheel Flight Unit Cesium-ion Thruster Utility Large Storage Unit Device Improved Heat Sink Storage Large Storage Unit Processor Improved Signal Interpreter Hackware Hacking Suite Protection Improved Light Armor Plating Weapon Gatling Laser Energy Gun Gatling Laser Energy Cannon Plasma Cannon Ballistic Cannon Advanced Assault Cannon Launcher Improved Grenade Launcher Special Weapon Mining Laser Impact Weapon Great Maul Build | -11 -10 -10 -9 -8 -7 -7 -7 -6 -5 -5 -5 -5 -4 -4 ------- Run | Yrd Mat Min Mat Mat Fac Was Fac Fac Fac Upp Upp Zhi Pro Fac Slots Evolved 12 | . . . 2 2 2 . . 2 2 . . . . 2 Power 2 | . . . . 1 1 . . . . . . . . . Propulsion 5 | . . . . 1 . . . 2 1 . . . . 1 Utility 5 | . . . 2 . 1 . . . 1 . . . . 1 Weapon . | . . . . . . . . . . . . . . . Parts Attached 86 | 6 9 . 12 15 9 1 11 5 8 . . 1 5 4 Power 14 | 1 2 . 2 4 . . 3 . 2 . . . . . Engine 11 | 1 2 . 2 3 . . 3 . . . . . . . Core 1 | . . . . 1 . . . . . . . . . . Reactor 2 | . . . . . . . . . 2 . . . . . Propulsion 27 | 2 2 . 3 3 2 . 6 2 1 . . . 4 2 Treads 13 | 2 2 . 3 3 . . 3 . . . . . . . Leg 1 | . . . . . 1 . . . . . . . . . Wheel 1 | . . . . . 1 . . . . . . . . . Hover . | . . . . . . . . . . . . . . . Flight 12 | . . . . . . . 3 2 1 . . . 4 2 Utility 23 | 1 3 . 1 3 2 1 1 3 5 . . 1 . 2 Device 13 | . 1 . 1 1 1 1 1 2 2 . . 1 . 2 Storage 3 | 1 1 . . . . . . . 1 . . . . . Processor 4 | . 1 . . 1 . . . 1 1 . . . . . Hackware 2 | . . . . 1 . . . . 1 . . . . . Protection 1 | . . . . . 1 . . . . . . . . . Artifact . | . . . . . . . . . . . . . . . Weapon 22 | 2 2 . 6 5 5 . 1 . . . . . 1 . Energy Gun 11 | 2 2 . 4 1 2 . . . . . . . . . Energy Cannon 2 | . . . . 1 . . . . . . . . 1 . Ballistic Gun . | . . . . . . . . . . . . . . . Ballistic Cannon 2 | . . . . . 2 . . . . . . . . . Launcher 5 | . . . 1 3 1 . . . . . . . . . Special Weapon 1 | . . . 1 . . . . . . . . . . . Impact Weapon 1 | . . . . . . . 1 . . . . . . . Slashing Weapon . | . . . . . . . . . . . . . . . Piercing Weapon . | . . . . . . . . . . . . . . . Special Melee Weapon . | . . . . . . . . . . . . . . . Unidentified Prototypes 4 | . . . . . . . . . 1 . . 2 . 1 Parts Lost 39 | . . . 2 7 1 . 5 . 2 . . . 3 19 Power 8 | . . . 1 1 1 . 2 . . . . . 2 1 Propulsion 15 | . . . . 3 . . 1 . 2 . . . 1 8 Utility 8 | . . . . 1 . . . . . . . . . 7 Weapon 8 | . . . 1 2 . . 2 . . . . . . 3 Highest Loss Streak 12 | . . . 1 7 1 . 5 . 2 . . . 2 12 To Critical Strikes . | . . . . . . . . . . . . . . . Average Backups 10 | 1 9 11 14 13 14 14 13 5 4 4 4 4 3 2 Power 1 | . 1 2 2 2 . . 1 . 1 1 1 1 . . Propulsion 1 | . 2 4 2 . 2 4 3 . . . . . . . Utility 2 | . 1 2 1 2 3 3 2 2 1 1 1 1 1 1 Weapon 5 | . 3 3 7 8 7 7 5 3 2 2 2 2 1 . Tool/Special . | . . . . . . . . . . . . . . . Unused Backups 20 | . 1 . 6 1 4 . 7 . 1 . . . . . Power 4 | . . . 2 . . . 2 . . . . . . . Propulsion 2 | . . . 1 . . . 1 . . . . . . . Utility 3 | . . . . . . . 2 . 1 . . . . . Weapon 11 | . 1 . 3 1 4 . 2 . . . . . . . Tool/Special . | . . . . . . . . . . . . . . . Average Slot Usage (%) 81 | . 99 100 95 82 70 79 80 54 74 66 70 67 74 62 Engine 9 | . 14 14 10 9 9 10 13 6 2 1 5 5 1 . Treads 11 | . 28 28 22 21 6 . 2 . . . . . . . Leg 1 | . . . . . 2 7 4 . . . . . . . Wheel 1 | . . . . . . 7 6 . . . . . . . Flight 5 | . . . . . . . 1 15 26 17 17 17 22 23 Device 10 | . . . 19 15 6 13 14 6 6 17 17 14 17 18 Storage 7 | . 14 14 11 8 7 7 6 . 4 . . . . . Processor 8 | . 13 14 11 9 7 7 7 11 10 5 5 5 5 4 Hackware 4 | . . . . 2 7 7 7 6 10 11 11 11 11 5 Protection 1 | . . . . . 6 . . . . . . . . . Energy Gun 10 | . 28 28 16 3 7 . 8 . . . . . . . Launcher 2 | . . . 3 9 . 15 3 . . . . . . . Impact Weapon 1 | . . . . . . . . 6 5 5 5 5 5 3 Peak Build Rating 70 | 6 8 8 19 26 42 43 47 37 69 55 55 57 60 70 Average Rating 29 | 4 7 8 16 20 30 41 40 27 56 53 55 52 51 51 On Entrance 32 | . 6 8 8 19 20 42 40 22 37 61 55 55 53 60 Avg Prop Armor Cover (%) 6 | . . . . . 7 5 7 . 4 . . . . . Naked Turns 40 | . . . . . . . . . . . . . . 40 Heaviest Build 55 | 12 32 26 40 52 52 55 50 10 41 27 27 27 27 28 Greatest Support 60 | 40 40 40 40 60 28 28 44 26 40 27 27 27 39 50 Greatest Overweight (x) 6 | . . . . 6 2 1 1 . 1 . . . 1 . Average Overweight (x) . | . . . . . 1 1 . . . . . . . . Largest Inventory Capacity 15 | 8 15 15 15 15 15 15 15 5 5 5 5 5 5 5 Average Capacity 12 | 6 14 15 15 14 15 15 14 5 5 5 5 5 5 5 Most Carried 15 | 3 11 12 15 15 15 15 15 5 5 5 4 5 5 5 Average Carried 10 | 1 9 11 14 13 14 14 13 4 4 4 4 4 2 2 Final Capacity 15 | 8 15 15 15 15 15 15 5 5 5 5 5 5 5 5 Final Carried 15 | 3 11 12 15 15 14 15 5 5 4 4 4 4 2 1 Class Distribution -------------------- 75% | Mutant 15% | Hacker-Sprinter 6% | Sprinter Dominant Class ---------------- Mutant | -10/Materials Mutant | -10/Mines Mutant | -9/Materials Mutant | -8/Materials Mutant | -7/Factory Mutant | -7/Waste Mutant | -7/Factory Sprinter | -6/Factory Hacker-Sprinter | -5/Factory Hacker-Sprinter | -5/Upper Caves Hacker-Sprinter | -5/Upper Caves Hacker-Sprinter | -5/Zhirov Hacker-Sprinter | -4/Proximity Caves Sprinter | -4/Factory Resources | -11 -10 -10 -9 -8 -7 -7 -7 -6 -5 -5 -5 -5 -4 -4 ----------- Run | Yrd Mat Min Mat Mat Fac Was Fac Fac Fac Upp Upp Zhi Pro Fac Matter Collected 2521 | 229 127 7 229 351 285 562 261 65 84 48 132 . 85 56 Remotely . | . . . . . . . . . . . . . . . Salvage Created 3538 | . 275 . 685 786 211 1164 137 65 19 . . . 66 130 Parts 167 | . 22 . 64 48 11 5 5 2 . . . . 5 5 Haulers Intercepted 2 | . . . . 2 . . . . . . . . . . Recyclers Shooed 1 | . . . 1 . . . . . . . . . . . Parts Field Recycled . | . . . . . . . . . . . . . . . Retrieved Matter . | . . . . . . . . . . . . . . . Parts Self-Destructed 4 | . . . . . . . . . . . . . 4 . Prevented . | . . . . . . . . . . . . . . . Parts Restored . | . . . . . . . . . . . . . . . Kills | -11 -10 -10 -9 -8 -7 -7 -7 -6 -5 -5 -5 -5 -4 -4 ------- Run | Yrd Mat Min Mat Mat Fac Was Fac Fac Fac Upp Upp Zhi Pro Fac Combat Hostiles Destroyed 65 | . 8 . 19 18 6 5 1 1 . . . . 3 4 Melee 2 | . . . . . . . . . . . . . . 2 Guns 23 | . 8 . 10 1 3 . 1 . . . . . . . Cannons 4 | . . . . 1 . . . . . . . . 3 . AOE 32 | . . . 9 16 2 5 . . . . . . . . Classes Destroyed 15 | . 3 . 5 5 1 1 . . . . . . . . Worker 4 | . . . . 1 2 . 1 . . . . . . . Builder 11 | . . . 5 6 . . . . . . . . . . Tunneler 1 | . . . 1 . . . . . . . . . . . Hauler 2 | . . . . 2 . . . . . . . . . . Recycler 3 | . . . . 2 . . 1 . . . . . . . Mechanic 1 | . . . . 1 . . . . . . . . . . Operator 4 | . . . 2 1 . . . . 1 . . . . . Watcher 8 | . 3 . 1 1 2 . . . . . . . . 1 Swarmer 22 | . 5 . 7 . 3 . . . . . . . 3 4 Grunt 22 | . 3 . 5 13 1 . . . . . . . . . Duelist 1 | . . . 1 . . . . . . . . . . . Sentry 13 | . . . 6 4 1 . 1 1 . . . . . . Hunter 1 | . . . . 1 . . . . . . . . . . Programmer 1 | . . . . . 1 . . . . . . . . . Compactor 5 | . . . . . . 5 . . . . . . . . Best Kill Streak 16 | . 6 . 8 16 4 2 1 1 1 . . . 3 4 Combat Bots Only 11 | . 4 . 4 11 3 2 1 1 . . . . 3 4 Max Kills in Single Turn 4 | . 2 . 3 4 2 1 1 1 1 . . . 1 1 Gunslinging 1 | . 1 . 1 . . . . . . . . . . . Exploded 4 | . . . 3 4 2 1 . . . . . . . . Melee 1 | . . . . . . . . . . . . . . 1 Uniques/NPCs Destroyed . | . . . . . . . . . . . . . . . Combat | -11 -10 -10 -9 -8 -7 -7 -7 -6 -5 -5 -5 -5 -4 -4 -------- Run | Yrd Mat Min Mat Mat Fac Was Fac Fac Fac Upp Upp Zhi Pro Fac Hostile Shots Fired 680 | . 48 . 56 96 57 1 110 11 29 . 3 . 62 207 Missed 277 | . 19 . 14 29 18 1 39 7 15 . 1 . 33 101 Hits 403 | . 29 . 42 67 39 . 71 4 14 . 2 . 29 106 Projectile 403 | . 29 . 42 67 39 . 71 4 14 . 2 . 29 106 Critical Strikes 11 | . . . 2 3 . . 1 . 1 . . . 1 3 Damage Taken 6171 | . 335 . 642 1163 489 113 854 22 260 . 26 . 462 1805 Core 2053 | . 55 . 61 184 53 7 205 . 86 . 14 . 225 1163 Absorbed by Shields . | . . . . . . . . . . . . . . . Core Remaining (%) 78 | 100 . 78 84 66 . . 62 100 . . . . 61 . Volleys Fired 151 | . 20 . 44 23 17 31 9 . . . . . 6 1 Largest 2 | . 2 . 2 2 2 2 2 . . . . . 1 1 Hottest 160 | . 100 . 100 140 160 75 160 . . . . . 80 36 Shots Fired 257 | . 39 . 78 40 26 53 14 . . . . . 6 1 Gun 149 | . 39 . 67 11 18 . 14 . . . . . . . Cannon 10 | . . . . 2 2 . . . . . . . 6 . Launcher 94 | . . . 9 27 4 53 . . . . . . . 1 Special 4 | . . . 2 . 2 . . . . . . . . . Kinetic 2 | . . . . . 2 . . . . . . . . . Thermal 84 | . 39 . 2 3 20 . 14 . . . . . 6 . Explosive 94 | . . . 9 27 4 53 . . . . . . . 1 Electromagnetic 77 | . . . 67 10 . . . . . . . . . . Robot Hit Streak 17 | . 7 . 12 9 17 6 12 . . . . . 3 . Robot Miss Streak 4 | . 2 . 4 3 3 3 4 . . . . . 2 . Penetration Max . | . . . . . . . . . . . . . . . Secondary Targets 6 | . 4 . 2 . . . . . . . . . . . Max Gunslinging Chain 1 | . 1 . 1 . . . . . . . . . . . Shots Hit Robots 155 | . 29 . 44 20 17 23 12 1 1 . . . 3 5 Core Hits 167 | . 17 . 41 58 20 13 12 . . . . . 3 3 Critical Kills 1 | . . . . . . . . . . . . . . 1 Critical Parts Destroyed 1 | . . . . . . . . 1 . . . . . . Critical Strikes 9 | . 4 . . 2 1 . . 1 . . . . . 1 Burn 4 | . 4 . . . . . . . . . . . . . Blast 1 | . . . . . 1 . . . . . . . . . Corrupt 2 | . . . . 2 . . . . . . . . . . Smash 2 | . . . . . . . . 1 . . . . . 1 Melee Attacks 60 | . . . . . . . 3 10 12 5 . . 9 21 Impact 60 | . . . . . . . 3 10 12 5 . . 9 21 Slashing . | . . . . . . . . . . . . . . . Piercing . | . . . . . . . . . . . . . . . Sneak Attacks . | . . . . . . . . . . . . . . . Combat Hostiles . | . . . . . . . . . . . . . . . Follow-up Attacks . | . . . . . . . . . . . . . . . Damage Inflicted 11316 | . 366 . 1543 2766 911 4818 342 54 52 . . . 105 359 Guns 1802 | . 349 . 577 120 443 . 313 . . . . . . . Cannons 178 | . . . . 46 27 . . . . . . . 105 . Explosions 8862 | . . . 966 2585 440 4818 . . . . . . . 53 Melee 366 | . . . . . . . . 54 52 . . . . 260 Ramming 108 | . 17 . . 15 1 . 29 . . . . . . 46 Kinetic 27 | . . . . . 27 . . . . . . . . . Thermal 1359 | . 349 . 81 68 443 . 313 . . . . . 105 . Explosive 8781 | . . . 885 2585 440 4818 . . . . . . . 53 Electromagnetic 675 | . . . 577 98 . . . . . . . . . . Impact 366 | . . . . . . . . 54 52 . . . . 260 Slashing . | . . . . . . . . . . . . . . . Piercing . | . . . . . . . . . . . . . . . Highest Corruption 26 | . . . 1 . . 25 26 . . . . . . . Average Corruption 17 | . . . 1 . . 14 25 . . . . . . . Corruption Purged . | . . . . . . . . . . . . . . . Corruption Blocked . | . . . . . . . . . . . . . . . Effects 56 | . . . 3 . . 16 37 . . . . . . . Message Errors 16 | . . . 1 . . 6 9 . . . . . . . Matter Fused 9 | . . . 1 . . 2 6 . . . . . . . Heat Flow Errors 5 | . . . . . . 2 3 . . . . . . . Energy Discharges 5 | . . . . . . 3 2 . . . . . . . Parts Rejected 2 | . . . . . . 1 1 . . . . . . . Data Loss (minor) 8 | . . . 1 . . 1 6 . . . . . . . Data Loss (major) 3 | . . . . . . . 3 . . . . . . . Alerts 1 | . . . . . . . 1 . . . . . . . Misdirections 6 | . . . . . . 1 5 . . . . . . . Weapon Failures 1 | . . . . . . . 1 . . . . . . . Overload Shots . | . . . . . . . . . . . . . . . Overflow Damage 291 | . . . 60 90 . . . 54 17 . . . . 70 Projectiles . | . . . . . . . . . . . . . . . Explosions 150 | . . . 60 90 . . . . . . . . . . Melee 141 | . . . . . . . . 54 17 . . . . 70 Knockbacks 3 | . . . . . 1 . . . 1 . . . . 1 Impact 2 | . . . . . . . . . 1 . . . . 1 Kinetic 1 | . . . . . 1 . . . . . . . . . Secondary . | . . . . . . . . . . . . . . . Self-Inflicted Damage 388 | . . . 53 107 75 118 14 . . . . . . 21 Shots 13 | . . . 1 5 2 5 . . . . . . . . Rammed 22 | 1 3 . . 1 1 . 5 . . . . . . 11 Targets Rammed 22 | 1 3 . . 1 1 . 5 . . . . . . 11 Kicked . | . . . . . . . . . . . . . . . Crushed . | . . . . . . . . . . . . . . . Highest Temperature 409 | . 409 . 16 21 147 208 298 . . . . . 100 30 Average Temperature 71 | . 133 . 5 9 52 76 122 . . . . . 35 7 Received Heat Transfer 1179 | . 93 . 213 504 66 . 174 . 18 . . . 30 81 Effects 2 | . 2 . . . . . . . . . . . . . Shutdowns 1 | . 1 . . . . . . . . . . . . . Short Circuit 1 | . 1 . . . . . . . . . . . . . Siege Activations . | . . . . . . . . . . . . . . . Martial Activations . | . . . . . . . . . . . . . . . Shielding Activations . | . . . . . . . . . . . . . . . Robots Disrupted 1 | . . . 1 . . . . . . . . . . . Combat Hostiles 1 | . . . 1 . . . . . . . . . . . Robots Corrupted 5 | . . . 1 . . . . 1 1 . . . . 2 Combat Hostiles 3 | . . . . . . . . 1 . . . . . 2 Parts Fried 13 | . . . 7 . . . . 1 1 . . . . 4 Impact Corruptions 7 | . . . . . . . . 1 2 . . . . 4 Robots Melted 1 | . . . . . 1 . . . . . . . . . Combat Hostiles 1 | . . . . . 1 . . . . . . . . . Parts Melted 13 | . 5 . 1 . 7 . . . . . . . . . Heat Transferred 3335 | . 1261 . 100 124 950 . 700 . . . . . 200 . Parts Sabotaged . | . . . . . . . . . . . . . . . Parts Stolen . | . . . . . . . . . . . . . . . Parts Stripped . | . . . . . . . . . . . . . . . Power Chain Reactions 1 | . . . 1 . . . . . . . . . . . Alert | -11 -10 -10 -9 -8 -7 -7 -7 -6 -5 -5 -5 -5 -4 -4 ------- Run | Yrd Mat Min Mat Mat Fac Was Fac Fac Fac Upp Upp Zhi Pro Fac Maximum Alert Level 2 | . . . 1 2 . . . . . . . . . 1 Low Security (%) 88 | 100 100 100 64 56 100 100 100 100 100 . . . . 62 Level 1 8 | . . . 35 21 . . . . . . . . . 37 Level 2 2 | . . . . 21 . . . . . . . . . . Level 3 . | . . . . . . . . . . . . . . . Level 4 . | . . . . . . . . . . . . . . . Level 5 . | . . . . . . . . . . . . . . . High Security . | . . . . . . . . . . . . . . . Max Security . | . . . . . . . . . . . . . . . Peak Influence 462 | . 89 . 371 462 177 108 32 81 42 . . . . 374 Initial 177 | . . . . 156 177 22 10 15 14 . . . . 59 Average 69 | . 15 . 151 230 39 63 4 31 4 . . . . 159 Influence Increases 3616 | . 198 . 748 772 240 163 133 121 136 . 60 . 280 765 Destroy 0b10 Robot/C 1260 | . 160 . 440 360 120 . 20 20 . . . . 60 80 Destroy 0b10 Robot/NC 170 | . 15 . 45 70 20 . 10 . 5 . . . . 5 Destroy Leader 290 | . 16 . 122 96 24 . 10 10 . . . . 10 2 Allied During Kill 8 | . . . 8 . . . . . . . . . . . Successful Hack 157 | . 6 . 15 9 34 . . 8 55 . . . . 30 Disable Machine 135 | . . . 15 75 15 . . 15 15 . . . . . Destroy Structure 486 | . 1 . 58 162 27 163 3 8 16 . . . . 48 Partial Spotted 45 | . . . . . . . . . . . . . . 45 Lose Combat Pursuer 1065 | . . . 45 . . . 90 60 45 . 60 . 210 555 Influence Decreases 3252 | . 198 . 377 753 566 212 116 123 153 13 15 45 185 496 Entered New Map 594 | . . . . 215 213 42 5 17 16 5 . 45 . 36 Time Decay 1929 | . 198 . 298 318 353 170 104 61 79 8 15 . 155 170 Search Patrol Dispatched 100 | . . . . . . . . . . . . . . 100 Lost Part 336 | . . . 19 70 . . 7 . 20 . . . 30 190 Lost Ally 60 | . . . 60 . . . . . . . . . . . Purge Threat 233 | . . . . 150 . . . 45 38 . . . . . Squads Dispatched 15 | . . . 2 6 2 . 2 . 2 . . . . 1 Investigation 1 | . . . . . . . . . . . . . . 1 Extermination 3 | . . . . . 1 . 1 . 1 . . . . . Reinforcement 8 | . . . 2 3 1 . 1 . 1 . . . . . Assault . | . . . . . . . . . . . . . . . Garrison 3 | . . . . 3 . . . . . . . . . . Intercept . | . . . . . . . . . . . . . . . Searches Triggered 1 | . . . . . . . . . . . . . . 1 Construction Impeded 3 | . . . . 2 1 . . . . . . . . . Haulers Reinforced . | . . . . . . . . . . . . . . . Active Scanning Responses . | . . . . . . . . . . . . . . . Cargo Convoy Interrupts . | . . . . . . . . . . . . . . . Stealth | -11 -10 -10 -9 -8 -7 -7 -7 -6 -5 -5 -5 -5 -4 -4 --------- Run | Yrd Mat Min Mat Mat Fac Was Fac Fac Fac Upp Upp Zhi Pro Fac Distress Signals 7 | . 1 . 1 2 . . . . 2 . . . . 1 Communications Jammed . | . . . . . . . . . . . . . . . Distress Signals . | . . . . . . . . . . . . . . . Times Spotted 191 | . 13 . 30 25 9 6 16 5 15 . 3 . 18 51 Peak Tracking Total 19 | . 7 . 6 9 3 2 7 4 10 . 5 . 5 19 Tactical Retreats 29 | . . . 2 . . 1 5 1 2 . 2 . 6 10 Traps | -11 -10 -10 -9 -8 -7 -7 -7 -6 -5 -5 -5 -5 -4 -4 ------- Run | Yrd Mat Min Mat Mat Fac Was Fac Fac Fac Upp Upp Zhi Pro Fac Traps Triggered 9 | . 3 . 1 . 2 . 2 . . . . . . 1 Indirectly . | . . . . . . . . . . . . . . . Trap Hack Attempts . | . . . . . . . . . . . . . . . Triggered . | . . . . . . . . . . . . . . . Disarmed . | . . . . . . . . . . . . . . . Reprogrammed . | . . . . . . . . . . . . . . . Reused . | . . . . . . . . . . . . . . . Traps Extracted . | . . . . . . . . . . . . . . . Installed . | . . . . . . . . . . . . . . . Triggered . | . . . . . . . . . . . . . . . Machines | -11 -10 -10 -9 -8 -7 -7 -7 -6 -5 -5 -5 -5 -4 -4 ---------- Run | Yrd Mat Min Mat Mat Fac Was Fac Fac Fac Upp Upp Zhi Pro Fac Machines Disabled 9 | . . . 1 5 1 . . 1 1 . . . . . Max in Single Turn 2 | . . . 1 2 1 . . 1 1 . . . . . Machines Repaired . | . . . . . . . . . . . . . . . Machines Dismantled . | . . . . . . . . . . . . . . . Machines Sabotaged . | . . . . . . . . . . . . . . . Overloaded Fab Kills . | . . . . . . . . . . . . . . . Hacking | -11 -10 -10 -9 -8 -7 -7 -7 -6 -5 -5 -5 -5 -4 -4 --------- Run | Yrd Mat Min Mat Mat Fac Was Fac Fac Fac Upp Upp Zhi Pro Fac Machines Accessed 53 | . 7 . 5 7 7 . 2 2 8 . . 9 . 6 Terminals 32 | . 7 . 4 6 4 . 2 1 4 . . . . 4 Fabricators 4 | . . . . . 1 . . . 3 . . . . . Repair Stations . | . . . . . . . . . . . . . . . Recycling Units . | . . . . . . . . . . . . . . . Scanalyzers 7 | . . . 1 1 2 . . 1 1 . . . . 1 Garrison Access 1 | . . . . . . . . . . . . . . 1 Total Hacks 168 | . 22 . 14 19 13 . 2 9 26 . . 48 . 15 Successful 110 | . 8 . 3 9 7 . . 5 21 . . 48 . 9 Failed 55 | . 14 . 10 9 5 . 2 4 5 . . . . 6 Catastrophic 8 | . 2 . 2 1 . . 2 . . . . . . 1 Database Lockouts 3 | . . . 1 1 1 . . . . . . . . . Manual 76 | . 19 . 12 17 5 . 2 5 9 . . . . 7 Terminals 97 | . 22 . 12 17 9 . 2 5 19 . . . . 11 Fabricators 4 | . . . . . 1 . . . 3 . . . . . Repair Stations . | . . . . . . . . . . . . . . . Recycling Units . | . . . . . . . . . . . . . . . Scanalyzers 18 | . . . 2 2 3 . . 4 4 . . . . 3 Garrison Access 1 | . . . . . . . . . . . . . . 1 Terminal Hacks 67 | . 2 . . 2 1 . . 2 10 . . 48 . 2 Record 36 | . . . . . . . . . . . . 36 . . Part Schematic 4 | . . . . . . . . . . . . 4 . . Robot Analysis 4 | . . . . . . . . . . . . 4 . . Prototype ID Bank 4 | . . . . . . . . . . . . 4 . . Level Access Points 1 | . . . . . . . . . 1 . . . . . Machine Index 1 | . . . . . . . . . 1 . . . . . Terminal Index 2 | . 1 . . 1 . . . . . . . . . . Scanalyzer Index 1 | . . . . . . . . . 1 . . . . . Alert Level 1 | . . . . . . . . . . . . . . 1 Unreport Threat 4 | . . . . 1 . . . 1 2 . . . . . Locate Traps 2 | . . . . . . . . . 2 . . . . . Dispatch Records 1 | . . . . . 1 . . . . . . . . . Maintenance Status 1 | . . . . . . . . . 1 . . . . . Registered Components 1 | . 1 . . . . . . . . . . . . . Zone Layout 4 | . . . . . . . . 1 2 . . . . 1 Fabricator Hacks 4 | . . . . . 1 . . . 3 . . . . . Network Status 3 | . . . . . 1 . . . 2 . . . . . Build 1 | . . . . . . . . . 1 . . . . . Repair Station Hacks . | . . . . . . . . . . . . . . . Recycling Unit Hacks . | . . . . . . . . . . . . . . . Scanalyzer 13 | . . . 1 1 2 . . 2 4 . . . . 3 Retrieve Study 13 | . . . 1 1 2 . . 2 4 . . . . 3 Garrison Access Hacks . | . . . . . . . . . . . . . . . Unauthorized Hacks 26 | . 6 . 2 6 3 . . 1 4 . . . . 4 Terminals 26 | . 6 . 2 6 3 . . 1 4 . . . . 4 Botnet 26 | . 6 . 2 6 3 . . 1 4 . . . . 4 Fabricators . | . . . . . . . . . . . . . . . Repair Stations . | . . . . . . . . . . . . . . . Recycling Units . | . . . . . . . . . . . . . . . Scanalyzers . | . . . . . . . . . . . . . . . Garrison Access . | . . . . . . . . . . . . . . . Data Cores Recovered . | . . . . . . . . . . . . . . . Used . | . . . . . . . . . . . . . . . Hacking Detections 35 | . 6 . 4 6 5 . 2 2 4 . . . . 6 Full Trace Events 1 | . . . . . . . . . . . . . . 1 Feedback Events . | . . . . . . . . . . . . . . . Feedback Blocked . | . . . . . . . . . . . . . . . Robot Schematics Acquired . | . . . . . . . . . . . . . . . Robots Built . | . . . . . . . . . . . . . . . Authchips . | . . . . . . . . . . . . . . . Time . | . . . . . . . . . . . . . . . Total Robot Build Rating . | . . . . . . . . . . . . . . . Part Schematics Acquired 4 | . . . . . . . . . . . . 4 . . Parts Built 2 | . . . . . . . . . 2 . . . . . Authchips . | . . . . . . . . . . . . . . . Time 69 | . . . . . . . . . 69 . . . . . Total Part Build Rating 18 | . . . . . . . . . 18 . . . . . Part Studies Acquired 11 | . . . 1 1 2 . . 2 3 . . . . 2 Parts Repaired . | . . . . . . . . . . . . . . . Time . | . . . . . . . . . . . . . . . Parts Recycled . | . . . . . . . . . . . . . . . Recycled Matter . | . . . . . . . . . . . . . . . Retrieved Matter . | . . . . . . . . . . . . . . . Retrieved Components . | . . . . . . . . . . . . . . . Parts Scanalyzed . | . . . . . . . . . . . . . . . Part Schematics Acquired . | . . . . . . . . . . . . . . . Parts Damaged . | . . . . . . . . . . . . . . . Bothacking | -11 -10 -10 -9 -8 -7 -7 -7 -6 -5 -5 -5 -5 -4 -4 ------------ Run | Yrd Mat Min Mat Mat Fac Was Fac Fac Fac Upp Upp Zhi Pro Fac Used RIF Installer . | . . . . . . . . . . . . . . . Robots Hacked . | . . . . . . . . . . . . . . . Non-combat . | . . . . . . . . . . . . . . . Combat . | . . . . . . . . . . . . . . . Robot Hacks Applied . | . . . . . . . . . . . . . . . Relay Couplers Released . | . . . . . . . . . . . . . . . Fabnet Peak Effective % . | . . . . . . . . . . . . . . . Robots Rewired . | . . . . . . . . . . . . . . . Allies Hacked . | . . . . . . . . . . . . . . . Hacks Repelled . | . . . . . . . . . . . . . . . Allies | -11 -10 -10 -9 -8 -7 -7 -7 -6 -5 -5 -5 -5 -4 -4 -------- Run | Yrd Mat Min Mat Mat Fac Was Fac Fac Fac Upp Upp Zhi Pro Fac Total Allies 3 | . . 3 . . . . . . . . . . . . Largest Group 3 | . . 3 3 . . . . . . . . . . . Highest-Rated Group 40 | . . 40 40 . . . . . . . . . . . Highest-Rated Ally 16 | . . 16 16 . . . . . . . . . . . Total Orders . | . . . . . . . . . . . . . . . Ally Attacks 21 | . . . 21 . . . . . . . . . . . Total Damage 188 | . . . 188 . . . . . . . . . . . Kills 3 | . . . 3 . . . . . . . . . . . Allies Corrupted . | . . . . . . . . . . . . . . . Allies Melted . | . . . . . . . . . . . . . . . Intel | -11 -10 -10 -9 -8 -7 -7 -7 -6 -5 -5 -5 -5 -4 -4 ------- Run | Yrd Mat Min Mat Mat Fac Was Fac Fac Fac Upp Upp Zhi Pro Fac Active Infowar (turns) 4259 | . 29 . 607 526 392 356 738 210 422 159 128 70 338 284 Sensors 4259 | . 29 . 607 526 392 356 738 210 422 159 128 70 338 284 Jamming 77 | . . . . . . . . . . . . . . 77 Robot Analysis Total 4 | . . . . . . . . . . . . 4 . . Derelict Logs Recovered 7 | . . 1 . . . . . . . 1 2 . 3 . Drone Launches . | . . . . . . . . . . . . . . . Drone Recoveries . | . . . . . . . . . . . . . . . Exploration | -11 -10 -10 -9 -8 -7 -7 -7 -6 -5 -5 -5 -5 -4 -4 ------------- Run | Yrd Mat Min Mat Mat Fac Was Fac Fac Fac Upp Upp Zhi Pro Fac Turns Passed 6886 | 112 1151 195 714 716 1234 356 738 210 422 159 128 70 338 343 Spaces Moved 7236 | 64 652 122 326 359 367 233 652 539 1035 474 408 207 868 930 Core 76 | 3 . . . 12 . . . . . . . . . 61 Treads 1739 | 61 652 122 326 347 230 . 1 . . . . . . . Legs 89 | . . . . . 89 . . . . . . . . . Wheels 773 | . . . . . 48 233 492 . . . . . . . Hover . | . . . . . . . . . . . . . . . Flight 4559 | . . . . . . . 159 539 1035 474 408 207 868 869 Fastest Speed 20 | 50 160 160 160 50 115 115 32 28 25 30 30 30 20 20 Average Speed 76 | 154 160 160 160 169 251 115 94 31 27 30 30 30 26 24 Slowest Speed 350 | 160 160 160 160 350 320 115 145 32 108 30 30 30 104 50 Overloaded Moves . | . . . . . . . . . . . . . . . Propulsion Burnouts . | . . . . . . . . . . . . . . . Robots Hopped 17 | . . . . . . . 4 3 5 . . . . 5 Potential Cave-ins . | . . . . . . . . . . . . . . . Cave-ins Triggered . | . . . . . . . . . . . . . . . Teleports 1 | . . . . . . . . . . . . 1 . . Exploration Rate (%) 46 | 5 99 33 36 44 13 96 24 21 29 63 59 62 88 26 Regions Visited 14 Branch Regions 5 Pre-discovered Areas 6 | . . 1 . . . . . . . 1 . 3 1 . Known Exits Taken 11 | . 1 1 1 1 . . 1 1 1 1 1 1 1 . Unknown Exits Taken 1 | 1 . . . . . . . . . . . . . . Scrap Searched 11 | . . 1 . . . . . . . 3 3 . 4 . Spaces Dug 50 | . . . 2 5 . . 3 8 8 . . . 9 15 Terrain Destroyed 680 | . . . 62 186 34 345 3 8 8 . . . 9 25 Melee 43 | . . . . . . . 3 8 8 . . . 9 15 Projectile 2 | . . . 2 . . . . . . . . . . . AOE 635 | . . . 60 186 34 345 . . . . . . . 10 Terrain Rammed . | . . . . . . . . . . . . . . . Walls Destroyed . | . . . . . . . . . . . . . . . Machines Disabled . | . . . . . . . . . . . . . . . Actions | -11 -10 -10 -9 -8 -7 -7 -7 -6 -5 -5 -5 -5 -4 -4 --------- Run | Yrd Mat Min Mat Mat Fac Was Fac Fac Fac Upp Upp Zhi Pro Fac Total 8198 | 73 718 122 440 425 648 268 744 556 1145 480 412 214 954 999 Wait 470 | . 10 . 21 4 220 . 43 2 79 . 5 . 58 28 Move 7189 | 63 651 121 325 358 367 232 643 532 1024 473 407 206 867 920 Hop 17 | . . . . . . . 4 3 5 . . . . 5 Pick Up 97 | 3 16 1 18 15 12 2 10 1 6 . . 3 4 6 Fast Attach 30 | 6 1 . 2 5 3 . 3 5 5 . . . . . Attach 50 | . 2 . 5 4 8 1 8 . 3 1 . 3 8 7 Detach 10 | . . . 1 . 3 . 1 . 2 1 . . 2 . Swap 37 | . 8 . 9 7 5 1 4 . 2 . . 1 . . Drop 65 | . 7 . 15 8 12 1 11 3 7 . . 1 . . Fire 151 | . 20 . 44 23 17 31 9 . . . . . 6 1 Melee 60 | . . . . . . . 3 10 12 5 . . 9 21 Ram 16 | . . . . . . . 5 . . . . . . 11 Kick . | . . . . . . . . . . . . . . . Crush 6 | 1 3 . . 1 1 . . . . . . . . . Escape Stasis . | . . . . . . . . . . . . . . . Rewire . | . . . . . . . . . . . . . . . Trap . | . . . . . . . . . . . . . . . Miscellaneous . | . . . . . . . . . . . . . . . Route ------- -11/Scrapyard -10/Materials (discovered 5 exits: *Mat x3 / *Min x2) -10/Mines (discovered 2 exits: *Mat x2) -9/Materials -8/Materials -7/Factory -7/Waste -7/Factory -6/Factory -5/Factory (discovered 6 exits: Fac x4 / *Upp x2) -5/Upper Caves -5/Upper Caves -5/Zhirov -4/Proximity Caves -4/Factory (discovered 2 exits: Upp x2) History --------- Turn | Location | Event 17 | -11/Scrapyard | Discovered new exit (range 16) 113 | -11/Scrapyard | Entered Materials 233 | -10/Materials | Discovered new exit (range 14) 235 | -10/Materials | Discovered new exit (range 10) 301 | -10/Materials | Build established: Mutant 342 | -10/Materials | Discovered new exit (range 8) 737 | -10/Materials | Discovered new exit (range 10) 1029 | -10/Materials | Discovered new exit (range 12) 1262 | -10/Materials | Identified exit to Mines 1264 | -10/Materials | Entered Mines 1333 | -10/Mines | Learned location of Zion (-7) 1376 | -10/Mines | Discovered new exit (range 9) 1389 | -10/Mines | Identified exit to Materials 1414 | -10/Mines | Assisted by bots powering up and referring to "LRC-V3" 1448 | -10/Mines | Discovered exit to Materials (range 7) 1459 | -10/Mines | Entered Materials 1459 | -9/Materials | Accompanied by 3 allies 1459 | -9/Materials | Evolved 2 slots: Utility x2 1532 | -9/Materials | Lost 3 allies 2137 | -9/Materials | Discovered new exit (range 13) 2167 | -9/Materials | Central database locked down 2170 | -9/Materials | Identified exit to Materials 2173 | -9/Materials | Entered another Materials area 2173 | -8/Materials | Evolved 2 slots: Power x1, Propulsion x1 2363 | -8/Materials | Central database locked down 2624 | -8/Materials | Garrison activated, responded to threat 2732 | -8/Materials | Destroyed 11 combat bots 2737 | -8/Materials | Lost 7 parts (1p3n1u2w) 2858 | -8/Materials | Discovered new exit (range 11) 2887 | -8/Materials | Identified exit to Factory 2889 | -8/Materials | Entered Factory 2889 | -7/Factory | Evolved 2 slots: Power x1, Utility x1 3648 | -7/Factory | Central database locked down 4123 | -7/Factory | Sucked down chute 4123 | -7/Factory | Entered Waste 4135 | -7/Waste | Spotted C-40 Crusher 4136 | -7/Waste | Spotted C-40 Crusher 4136 | -7/Waste | Destroyed C-40 Crusher 4138 | -7/Waste | EMP discharged 4138 | -7/Waste | System corruption reached 10% 4148 | -7/Waste | Spotted C-40 Crusher 4153 | -7/Waste | Destroyed C-40 Crusher 4169 | -7/Waste | Spotted C-40 Crusher 4173 | -7/Waste | Spotted C-40 Crusher 4178 | -7/Waste | Destroyed C-40 Crusher 4238 | -7/Waste | EMP discharged 4250 | -7/Waste | Destroyed C-40 Crusher 4259 | -7/Waste | Destroyed C-40 Crusher 4273 | -7/Waste | Spotted C-40 Crusher 4338 | -7/Waste | EMP discharged 4438 | -7/Waste | EMP discharged 4465 | -7/Waste | Discovered new exit (range 12) 4478 | -7/Waste | Identified exit to Factory 4479 | -7/Waste | Entered Factory 5183 | -7/Factory | Lost 5 parts (2p1n2w) 5212 | -7/Factory | Discovered new exit (range 15) 5216 | -7/Factory | Identified exit to Factory 5217 | -7/Factory | Entered another Factory area 5217 | -6/Factory | Evolved 2 slots: Propulsion x2 5411 | -6/Factory | Discovered new exit (range 16) 5423 | -6/Factory | Identified exit to Factory 5427 | -6/Factory | Entered another Factory area 5427 | -5/Factory | Evolved 2 slots: Propulsion x1, Utility x1 5526 | -5/Factory | Fabricated Lgt. Quantum Reactor (x2) 5712 | -5/Factory | Identified exit to Factory 5712 | -5/Factory | Discovered new exit (range 16) 5723 | -5/Factory | Build established: Hacker-Sprinter 5729 | -5/Factory | Identified exit to Upper Caves 5761 | -5/Factory | Spotted B-75 Beast 5839 | -5/Factory | Discovered exit to Upper Caves (range 6) 5849 | -5/Factory | Entered Upper Caves 5885 | -5/Upper Caves | Learned location of Warlord (-4) 5984 | -5/Upper Caves | Discovered new exit (range 15) 5996 | -5/Upper Caves | Identified exit to Upper Caves 6008 | -5/Upper Caves | Entered another Upper Caves area 6109 | -5/Upper Caves | Discovered new exit (range 15) 6135 | -5/Upper Caves | Identified exit to Zhirov 6136 | -5/Upper Caves | Entered Zhirov 6136 | -5/Zhirov | Discovered new exit (range 3) 6137 | -5/Zhirov | Identified exit to Proximity Caves 6143 | -5/Zhirov | Met Zhirov 6149 | -5/Zhirov | Learned location of Quarantine (-3) 6149 | -5/Zhirov | Learned location of Testing (-2) 6149 | -5/Zhirov | Learned location of Command (-1) 6155 | -5/Zhirov | Zhirov requested help retrieving the SGEMP Prototype 6160 | -5/Zhirov | Found Alien Artifact 6161 | -5/Zhirov | Identified Integrated Reactor 6161 | -5/Zhirov | Installed Integrated Reactor, increased core energy generation (+10) 6169 | -5/Zhirov | Found Alien Artifact 6171 | -5/Zhirov | Identified Transdimensional Reconstructor 6171 | -5/Zhirov | Warped through subspace 6206 | -5/Zhirov | Entered Proximity Caves 6367 | -4/Proximity Caves | Learned Research security intel 6387 | -4/Proximity Caves | Attracted the attention of an 0b10 checkpoint 6531 | -4/Proximity Caves | Discovered exit to Factory (range 14) 6537 | -4/Proximity Caves | Learned Research terminal intel 6544 | -4/Proximity Caves | Entered Factory 6544 | -4/Factory | Evolved 2 slots: Propulsion x1, Utility x1 6545 | -4/Factory | Identified exit to Upper Caves 6794 | -4/Factory | Search patrols dispatched 6809 | -4/Factory | Lost 5 parts (1p3n1u) 6855 | -4/Factory | Core integrity fell below 50% 6878 | -4/Factory | Lost 12 parts (4n6u2w) 6879 | -4/Factory | Core integrity fell below 20% 6887 | -4/Factory | Destroyed by S-27 Virus with Autogun Last Messages --------------- 06879_ Penetrated by Slug. 06879_ Slug penetrates H-77 Assassin. 06879_ U-05 Engineer destroyed. 06879_ Slug penetrates Wall. 06879_ Slammed into H-77 Assassin. 06879_ Destabilizing: Core damaged (-34). 06879_ R-10 Processor collects Wheel. 06880_ Slammed into H-77 Assassin. 06880_ H-77 Assassin knocked back. 06881_ Slammed into H-77 Assassin. 06882_ Slug penetrates Wall. 06882_ Penetrated by Slug. 06882_ Slug penetrates S-27 Virus. 06882_ S-27 Virus destroyed. 06882_ Slammed into H-77 Assassin. 06882_ R-10 Processor collects Welding Torch. 06883_ Slammed into R-10 Processor. 06886_ Slammed into K-01 Serf. 06886_ Destabilizing: Core damaged (-34). [Achievement: This Is Interesting...] Map ----- +----------------------------------------------------+ | ?????????????????????????????????????????????????? | | ?????????????????????????????????????????????????? | | ?????????????????????????????????????????????????? | | ?????????????????????????????????????????????????? | | ?????????????????????????????????????????????????? | | ?????????????????????????????????????????????????? | | ?????????????????????????????????????????????????? | | ?????????????????????????????????????????????????? | | ?????????????????????????????????????????????????? | | ?????????????????????????????????????????????????? | | ?????????????????????????????????????????????????? | | ?????????????????????????????????????????????????? | | ?????????????????????????????????????????????????? | | ?????????????????????????????????????????????????? | | ?????????????????????????????????????????????????? | | ?????????????????????????????????????????????????? | | ?????????????????????????????????????????????????? | | ?????????????????????????????????????????????????? | | ?????????????????????????????????????????????????? | | ?????????????????????????????????????????????????? | | ?????????????????????????????????????????????????? | | ?????????????????????????????????????????????????? | | ????????????????????????###??????????????????????? | | ????????????????????????u ??????????????????????? | | ????????????????????????# #??????????????????????? | | ????????????????????????#@#??????????????????????? | | ????????????????????????#s#??????????????????????? | | ????????????????????????#k#??????????????????????? | | ????????????????????????#R#??????????????????????? | | ????????????????????????#h#??????????????????????? | | ????????????????????????#s#??????????????????????? | | ????????????????????????#s#??????????????????????? | | ????????????????????????#s#??????????????????????? | | ????????????????????????#s#??????????????????????? | | ????????????????????????#=#??????????????????????? | | ????????????????????????# #??????????????????????? | | ????????????????????????#h#??????????????????????? | | ????????????????????????# ##############?????????? | | ????????????????????????#w ????????? | | ????????????????????????# ????????? | | ????????????????????????# ????????? | | ????????????????????????# """ """ """ ?????????? | | ????????????????????????# """ """ ?????????????? | | ????????????????????????# """ """ "????????????? | | ????????????????????????# """ "" "???????????? | | ????????????????????????# "" "" ?????????? | | ????????????????????????# ???????? | | ????????????????????????# ???????? | | ????????????????????????# ###################????? | | ????????????????????????# #??# #????? | +----------------------------------------------------+ Best States ------------- Heat Dissipation 71 Energy Generation 54 Energy Capacity 590 Matter Stores 300 Matter Capacity 300 Sight Range 16 Robot Scan Range 16 Terrain Scan Density 10 Jamming Range 16 Additional Mass Support 9 EM Shielding 2 Corruption Block 8 Armor Coverage 150 Evasion (%) 66 Recoil Reduction 3 Offensive Hacking 24 Item Schematics ----------------- Assault Drone Bay | -5/Zhirov | Free Exp. Optical Array | -5/Zhirov | Free Exp. Heat Sink | -5/Zhirov | Free Imp. Arc Thrower | -5/Zhirov | Free Robot Schematics ------------------ None Fabricated ------------ Lgt. Quantum Reactor | x2 | -5/Factory | Preloaded Repaired ---------- Nothing Studied --------- Hvy. EM Pulse Gun | -9/Materials | Hacked Hpw. Shotgun | -8/Materials | Hacked Imp. Grenade Launcher | -7/Factory | Hacked Gatling Laser | -7/Factory | Hacked Nuclear Pulse Thruster | -6/Factory | Hacked Cesium-ion Thruster | -6/Factory | Hacked Plasma Cannon | -5/Factory | Hacked Great Maul | -5/Factory | Hacked Lgt. Deuterium Engine | -5/Factory | Hacked VTOL Module | -4/Factory | Hacked Impulse Thruster | -4/Factory | Hacked Alien Tech Used ----------------- Integrated Reactor Transdimensional Reconstructor Achievements -------------- Armchair Analyst Subspace Traveler Suspicious The Science Guy This Is Interesting... Challenges ------------ None Game ------ Seed SeismicShockDerivative Manual? 0 Play Time 02:17:58 Cumulative 30.6 hours Start 2026.01.11 @ 20:12:35 End 2026.01.12 @ 05:49:16 Sessions 3 Manual Loads 0 Difficulty Rogue Special Mode None Game No. 30 Rogue 30 Adventurer 0 Explorer 0 Win Type - Total 0 Types 0/0/0/0/0/0/0/0/0/0 Lore% 27 Gallery% 22 Achievement% 24 Wizard Run 0 Options --------- Layout 0 ASCII 0 Keyboard 0 Movement Mouse Keybinds 0 Fullscreen 2 Font 36/Smallcaps Map View 76x50 Zoom Use 2% Tactical HUD 1 Map Filters NONE Filters NONE Steam 1 RUN: 8228eb9c-6ea0-4df1-a130-b051f02e365d